 Dungeon Crawl Stone Soup version 0.26-a0-612-gd4d190f (webtiles) character file.

Game seed: 7122700603484737862

17363 KG007 the Unseen (level 12, -4/75 HPs)
             Began as a Kobold Brigand on Sept 8, 2020.
             Was a Priest of Dithmenos.
             Splashed by an oklob plant's acid (16 damage)
             ... on level 2 of the Lair of Beasts on Sept 9, 2020.
             The game lasted 02:34:34 (17011 turns).

KG007 the Unseen (Kobold Brigand)                  Turns: 17011, Time: 02:34:35

Health: -4/75      AC: 10    Str:  8    XL:     12   Next: 81%
Magic:  9/13       EV: 26    Int: 12    God:    Dithmenos [***...]
Gold:   823        SH:  0    Dex: 22    Spells: 12/13 levels left

rFire    . . .     SeeInvis .   K - +5 dagger (freeze)
rCold    . . .     Faith    .   (shield restricted)
rNeg     . . .     Spirit   .   U - +1 troll leather armour {Snorg}
rPois    .         Reflect  .   M - +2 helmet
rElec    .         Harm     .   A - +2 cloak
rCorr    .                      (no gloves)
MR       .....                  Q - +2 pair of boots
Stlth    ++++++++++             (no amulet)
HPRegen  0.62/turn              p - ring of stealth
MPRegen  0.13/turn              R - +4 ring of protection

@: about to teleport, corroded, wreathed by umbra
A: small, nightstalker 3
a: Shadow Step, Renounce Religion


You were on level 2 of the Lair of Beasts.
You worshipped Dithmenos.
Dithmenos was most pleased with you.
You visited 2 branches of the dungeon, and saw 12 of its levels.
You also visited: Sewer.

You collected 823 gold pieces.

Inventory:

Hand Weapons
 q - a +2 short sword of speed
 K - a +5 dagger of freezing (weapon)
Missiles
 d - 26 poisoned darts (quivered)
 e - 2 curare-tipped darts
Armour
 c - a +0 hat of magic resistance
 A - a +2 cloak (worn)
 M - a +2 helmet (worn)
 O - a +2 robe
 Q - a +2 pair of boots (worn)
 U - a +1 troll leather armour (worn) {Snorg}
Jewellery
 l - an uncursed ring of wizardry
 p - a ring of stealth (left hand)
 s - a +6 ring of strength
 F - an uncursed ring of see invisible
 P - a +6 ring of strength
 R - a +4 ring of protection (right hand)
 T - an uncursed ring of wizardry
Wands
 o - a wand of enslavement (12)
 r - a wand of random effects (38)
 x - a wand of acid (16)
 E - a wand of polymorph (9)
 I - a wand of iceblast (17)
 L - a wand of paralysis (5)
 N - a wand of flame (14)
Scrolls
 f - 2 scrolls of enchant armour
 g - 2 scrolls of teleportation
 j - 2 scrolls of silence
 k - 2 scrolls of remove curse
 t - a scroll of magic mapping
 w - a scroll of fear {unknown}
 y - 4 scrolls of random uselessness
 B - 2 scrolls of fog
 C - 3 scrolls of amnesia
 D - a scroll of immolation
 H - a scroll of vulnerability {unknown}
 W - a scroll of torment {unknown}
 X - a scroll of summoning {unknown}
 Y - 2 scrolls of identify
Potions
 a - 5 potions of flight
 b - 2 potions of stabbing
 h - a potion of lignification {unknown}
 i - a potion of resistance {unknown}
 m - 4 potions of might
 n - a potion of heal wounds
 u - 3 potions of haste
 v - 10 potions of curing
 z - a potion of brilliance {unknown}
 G - a potion of degeneration {unknown}
 J - 2 potions of berserk rage
 S - a potion of invisibility {unknown}
 V - a potion of magic {unknown}
 Z - a potion of cancellation {unknown}


   Skills:
 + Level 8.5 Fighting
 - Level 11.0 Short Blades
 - Level 5.2 Throwing
 + Level 12.6 Dodging
 + Level 16.2 Stealth
 - Level 1.1 Spellcasting
 + Level 3.4 Evocations


You had 12 spell levels left.
You knew the following spells:

 Your Spells              Type           Power        Failure   Level
a - Summon Small Mammal   Summ           #...         41%         1

Your spell library contained the following spells:

 Spells                   Type           Power        Failure   Level
 Animate Skeleton         Necr           #.....       41%         1
 Apportation              Tloc           #.....       41%         1
 Beastly Appendage        Tmut           #.....       41%         1
 Corona                   Hex            #......      41%         1
 Ensorcelled Hibernation  Hex/Ice        #.....       54%         2
 Poisonous Vapours        Pois/Air       #.....       54%         2
 Wereblood                Tmut           #.......     54%         2
 Confusing Touch          Hex            #.......     78%         3
 Conjure Flame            Conj/Fire      #.......     78%         3
 Dazzling Flash           Conj/Hex       #.....       78%         3
 Gell's Gravitas          Tloc           #.........   78%         3
 Mephitic Cloud           Conj/Pois/Air  #.......     78%         3
 Spider Form              Tmut/Pois      #.........   78%         3
 Tukima's Dance           Hex            #.......     78%         3
 Ice Form                 Ice/Tmut       #.......     99%         4
 Petrify                  Tmut/Erth      #.......     99%         4
 Summon Lightning Spire   Summ/Air       #.......     99%         4
 Blade Hands              Tmut           #.........   100%        5
 Bolt of Magma            Conj/Fire/Erth #.........   100%        5
 Iskenderun's Battlesphe  Conj           #.......     100%        5
 Metabolic Englaciation   Hex/Ice        #.........   100%        5
 Silence                  Hex/Air        #.........   100%        5
 Yara's Violent Unravell  Hex/Tmut       #.........   100%        5
 Conjure Ball Lightning   Conj/Air       #.........   100%        6
 Freezing Cloud           Conj/Ice/Air   #.........   100%        6
 Iron Shot                Conj/Erth      #.........   100%        6
 Orb of Destruction       Conj           #.........   100%        7
 Spellforged Servitor     Conj/Summ      #.........   100%        7
 Tornado                  Air            #.........   100%        9


Dungeon Overview and Level Annotations

Branches:
Dungeon (10/15)            Temple (0/1) D:5            Lair (2/6) D:10
  Sewer (visited)
  Swamp: Lair:2-4    Shoals: Lair:2-4     Snake: Lair:2-4    Spider: Lair:2-4
    Orc: D:9-12

Altars:
Ashenzari
Cheibriados
Dithmenos
Fedhas
Gozag
Makhleb
Nemelex Xobeh
Okawaru
Sif Muna
Trog
Vehumet
Wu Jian
Zin
The Shining One

Shops:
D:6 *   D:9 =

Annotations:
D:2 Natasha
D:8 exclusion: statue
D:10 exclusion: oklob plant
Lair:2 exclusion: 4 oklob plants


Innate Abilities, Weirdness & Mutations

You are small and have problems with some larger weapons.
You are completely attuned to the shadows.


Message History

The oklob plant spits acid at you. The splash of acid hits you!
You are splashed with acid!
Marking area around 2 oklob plants as unsafe for travelling.
Found 19 gold pieces and a scroll of identify.
Okay, then.
As you read the scroll of teleportation, it crumbles to dust.
You feel strangely unstable. The oklob plant spits acid at you.
The splash of acid hits you. The acid corrodes you!
You are splashed with acid!
The oklob plant spits acid at you. The splash of acid hits you!
* * * LOW HITPOINT WARNING * * *
The acid corrodes you!
You are splashed with acid!
* * * LOW HITPOINT WARNING * * *
You feel much better. The oklob plant spits acid at you.
The splash of acid hits you!
* * * LOW HITPOINT WARNING * * *
The acid corrodes you!
You are splashed with acid!
You die...

....#...##..## ###
.....##..#######.#
.....###.#.###...##
......##...##.#...# #
......###.##......#.#
......##...........#
....###......#######
....# #.......P$P$.#
....##........$.@$$#
...#..........:.|.P#
..†.......(..P..!$P#
.#†..........P....?#
......# .#######
....### ...## ..##
.##


You could see 4 oklob plants.

Vanquished Creatures
  Gastronok (Lair:1)
  Snorg (Lair:1)
  Erolcha (D:9)
  A hydra (Lair:1)
  Harold (Lair:1)
  2 two-headed ogres
  Psyche (D:9)
  Joseph (D:8)
  3 cane toads
  2 komodo dragons
  Grinder (D:3)
  3 blink frogs (Lair:1)
  4 hippogriffs
  13 yaks
  A wraith (D:10)
  Sigmund (D:5)
  2 wyverns
  Grum (D:8)
  Eustachio (D:5)
  Edmund (D:6)
  4 water moccasins (Lair:1)
  4 porcupines
  2 ice beasts
  An orc warrior (D:9)
  2 phantoms
  3 black bears
  A necrophage (D:7)
  4 wolves (D:8)
  2 centaurs
  2 ogres
  3 crocodiles
  2 big kobolds
  8 bullfrogs
  2 water moccasin skeletons
  6 scorpions
  8 wights
  2 quasits (Sewer)
  2 centaur zombies
  A jelly (D:8)
  4 orc priests
  3 gnoll shamans
  2 hounds
  3 bullfrog skeletons
  A centaur skeleton (D:4)
  Terence (D:2)
  3 orc wizards
  Natasha (twice) (D:2)
  3 worker ants
  A killer bee zombie (D:9)
  6 big kobold zombies (Sewer)
  A howler monkey zombie (D:9)
  13 gnolls
  5 adders
  3 shadow imps
  3 white imps
  4 oozes
  4 ufetubi
  2 adder zombies
  2 adder skeletons
  4 worms
  6 dart slugs
  8 leopard geckos
  25 orcs
  11 giant cockroaches
  6 goblins
  8 hobgoblins
  7 jackals
  21 kobolds
  7 quokkas
  4 ball pythons
  5 bats
  6 frilled lizards
  A jackal skeleton (D:6)
  A jackal zombie (D:5)
  2 kobold zombies (Sewer)
  A leopard gecko skeleton (D:6)
  10 rats
300 creatures vanquished.

Vanquished Creatures (others)
  A wizard (D:3)
  3 fungi (Lair:1)
  11 plants
15 creatures vanquished.

Grand Total: 315 creatures vanquished

Notes
Turn   | Place    | Note
-------+----------+-------------------------------------------
     0 | D:1      | KG007 the Kobold Brigand began the quest for the Orb.
     0 | D:1      | Reached XP level 1. HP: 12/12 MP: 1/1
   104 | D:1      | Reached XP level 2. HP: 17/17 MP: 2/2
   191 | D:1      | Reached skill level 6 in Stealth
   198 | D:1      | Reached XP level 3. HP: 21/21 MP: 3/3
   593 | D:1      | Reached XP level 4. HP: 23/27 MP: 4/4
  1405 | D:2      | Noticed Natasha
  1422 | D:2      | Killed Natasha
  1422 | D:2      | Reached skill level 7 in Stealth
  1431 | D:2      | Noticed Natasha
  1452 | D:2      | Killed Natasha
  1452 | D:2      | Reached XP level 5. HP: 21/31 MP: 4/6
  1544 | D:2      | Found a glowing golden altar of the Shining One.
  1613 | D:2      | Noticed Natasha
  1740 | D:2      | Noticed Terence
  1745 | D:2      | Killed Terence
  1745 | D:2      | Reached skill level 1 in Spellcasting
  1848 | D:2      | Learned a level 1 spell: Summon Small Mammal
  2013 | D:2      | Found a snail-covered altar of Cheibriados.
  2247 | D:3      | Found a bloodstained altar of Trog.
  2250 | D:3      | Noticed a wizard
  2262 | D:3      | Killed a wizard
  2743 | D:3      | Found a glowing silver altar of Zin.
  2767 | D:3      | Noticed Grinder
  2771 | D:3      | Killed Grinder
  2771 | D:3      | Reached skill level 8 in Stealth
  2771 | D:3      | Reached XP level 6. HP: 29/37 MP: 7/7
  2771 | D:3      | Reached XP level 7. HP: 32/41 MP: 8/8
  3390 | D:4      | Reached skill level 5 in Short Blades
  3390 | D:4      | Reached skill level 9 in Stealth
  3950 | D:4      | Found a glowing drain.
  3955 | Sewer    | Entered a sewer
  4061 | Sewer    | Found a burning altar of Makhleb.
  4405 | Sewer    | Reached XP level 8. HP: 32/46 MP: 9/9
  6307 | D:5      | Entered Level 5 of the Dungeon
  6403 | D:5      | Noticed Sigmund
  6407 | D:5      | Killed Sigmund
  6407 | D:5      | Reached skill level 5 in Dodging
  6407 | D:5      | Reached skill level 10 in Stealth
  6473 | D:5      | Found a shattered altar of Ashenzari.
  6489 | D:5      | Noticed Eustachio
  6836 | D:5      | Found an iron altar of Okawaru.
  6897 | D:5      | Found an iron altar of Okawaru.
  6902 | D:5      | Found a shadowy altar of Dithmenos.
  6905 | D:5      | Became a worshipper of Dithmenos the Shadowed
  6911 | D:5      | Found a blossoming altar of Fedhas.
  7486 | D:5      | Found a staircase to the Ecumenical Temple.
  7820 | D:6      | Reached XP level 9. HP: 26/52 MP: 10/10
  7981 | D:6      | Found an opulent altar of Gozag.
  8344 | D:6      | Reached * piety under Dithmenos
  8493 | D:6      | Noticed Edmund
  8497 | D:6      | Killed Edmund
  8751 | D:6      | Found Gozag's Platinum Reserve.
  9626 | D:7      | Reached skill level 5 in Fighting
 10080 | D:7      | Reached skill level 11 in Stealth
 10281 | D:7      | Found a burning altar of Makhleb.
 10355 | D:7      | Noticed a hippogriff
 10359 | D:7      | Killed a hippogriff
 10359 | D:7      | Reached XP level 10. HP: 59/59 MP: 11/11
 10395 | D:7      | Reached ** piety under Dithmenos
 11051 | D:5      | Killed Eustachio
 11169 | D:8      | Reached skill level 12 in Stealth
 11405 | D:8      | Noticed Joseph
 11408 | D:8      | Killed Joseph
 11408 | D:8      | Reached skill level 10 in Short Blades
 11450 | D:8      | Noticed Grum
 11456 | D:8      | Killed Grum
 11456 | D:8      | Reached skill level 13 in Stealth
 11709 | D:8      | Found a shattered altar of Ashenzari.
 11905 | D:8      | Noticed a two-headed ogre
 12066 | D:8      | Killed a two-headed ogre
 12359 | D:8      | Found a radiant altar of Vehumet.
 12868 | D:8      | Reached skill level 14 in Stealth
 13645 | D:8      | Found a shimmering blue altar of Sif Muna.
 13742 | D:8      | Reached XP level 11. HP: 52/64 MP: 12/12
 14063 | D:9      | Noticed Erolcha
 14065 | D:9      | Killed Erolcha
 14114 | D:9      | Noticed Psyche
 14116 | D:9      | Found an ornate altar of the Wu Jian Council.
 14118 | D:9      | Killed Psyche
 14118 | D:9      | Reached skill level 10 in Dodging
 14150 | D:9      | Found a sparkling altar of Nemelex Xobeh.
 14181 | D:9      | Found an opulent altar of Gozag.
 14367 | D:9      | Noticed a two-headed ogre
 14370 | D:9      | Killed a two-headed ogre
 14764 | D:9      | Found Johoczij's Jewellery Emporium.
 14954 | D:10     | Entered Level 10 of the Dungeon
 15062 | D:10     | Reached skill level 15 in Stealth
 15119 | D:10     | Found a staircase to the Lair.
 15169 | D:10     | Noticed Snorg
 15186 | D:10     | Noticed an oklob plant
 15197 | Lair:1   | Entered Level 1 of the Lair of Beasts
 15247 | Lair:1   | Killed Snorg
 15391 | Lair:1   | Reached *** piety under Dithmenos
 15503 | Lair:1   | Reached XP level 12. HP: 72/72 MP: 13/13
 15578 | Lair:1   | Noticed a four-headed hydra
 15612 | Lair:1   | Killed a four-headed hydra
 15826 | Lair:1   | Noticed Harold
 15830 | Lair:1   | Killed Harold
 15830 | Lair:1   | Reached skill level 5 in Throwing
 15912 | Lair:1   | Noticed Gastronok
 15915 | Lair:1   | Killed Gastronok
 15915 | Lair:1   | Reached skill level 16 in Stealth
 17010 | Lair:2   | HP: 2/75 [acid (11)]
 17011 | Lair:2   | Splashed by an oklob plant's acid

Illustrated notes

Levels and vault maps discovered:
D:1:      grunt_arrival_lava_bath, layout_loops_cross
D:2:      layout_loops_corners, tso_oasis_becter, lemuel_crystal_altar,
          uniq_natasha, uniq_terence
D:3:      layout_loops_cross, lemuel_doored_altar, trog_wizard, uniq_grinder
D:4:      layout_rooms, gup_sewer_entry_bowl
D:5:      layout_loops_cross, kennysheep_little_box, minitemple,
          minmay_temple_entry_glassed_door, okawaru_metal_pillars_1_2,
          uniq_eustachio, uniq_sigmund
D:6:      layout_loops_corners, nicolae_gozag_zags_fifth_avenue, st_stairs_12,
          grunt_decor_cap, uniq_edmund
D:7:      layout_loops_ring, lemuel_coloured_pillars_altar
D:8:      layout_loops_ring, vehumet_statue, marbit_many_paths,
          nicolae_ashenzari_panopticon, uniq_joseph, uniq_grum
D:9:      layout_rooms, lemuel_crystal_altar, old_standard_altar, serial_shops,
          kennysheep_mini_moat, basic_altar, uniq_erolcha, uniq_psyche
D:10:     layout_irregular_city, dpeg_oklobed_lair, uniq_maurice, uniq_nergalle,
          uniq_erica, uniq_snorg
Lair:1:   layout_loops_ring, chequers_serial_rivers_small_3,
          serial_bayou_ford_a, uniq_gastronok, uniq_harold
Lair:2:   layout_cave_pods, beast_lair_carwin_2, serial_bayou_shore_b,
          grunt_megastairs_4, minmay_lair_oklob_chamber, lemuel_fruit_tree,
          infiniplex_staircase_pool, serial_bayou_shore_b

Skill      XL: |  1  2  3  4  5  6  7  8  9 10 11 12 |
---------------+-------------------------------------+-----
Short Blades   | 3 4 5 7 9 10 11 | 11.0
Stealth        | 6 7 8 9 10 11 14 15 16 | 16.2
Dodging        | 2 4 5 7 9 11 12 | 12.6
Spellcasting   | 1 |  1.1
Fighting       | 3 4 5 7 8 |  8.5
Throwing       | 3 5 |  5.2
Evocations     | 3 |  3.4

Action                   |  1- 3 |  4- 6 |  7- 9 | 10-12 || total
-------------------------+-------+-------+-------+-------++-------
Melee: Dagger            |    72 |    33 |    52 |   653 ||   810
       Short sword       |       |    48 |   519 |    48 ||   615
Throw: Dart              |    17 |     4 |    36 |    31 ||    88
 Cast: Summon Small Mamm |       |     2 |       |       ||     2
Invok: Shadow Step       |       |       |       |     3 ||     3
Evoke: Wand              |       |       |       |     2 ||     2
  Use: Scroll            |     1 |     2 |     9 |    15 ||    27
       Potion            |       |       |     5 |     5 ||    10
 Stab: Sleeping          |     9 |    19 |    53 |    42 ||   123
       Distracted        |       |       |       |     6 ||     6
Armor: Robe              |     5 |     2 |    67 |    42 ||   116
       Troll leather arm |       |       |       |    15 ||    15
Dodge: Dodged            |    30 |    27 |   339 |   379 ||   775

Table legend: (Time is in decaauts)
 A = Elapsed time spent in this place.
 B = Non-inter-level travel time spent in this place.
 C = Inter-level travel time spent in this place.
 D = Time resting spent in this place.
 E = Time spent auto-exploring this place.
 F = Levels seen in this place.
 G = Mean time per level.
                   A        B        C        D        E       F      G
               +--------+--------+--------+--------+--------+-----+--------+
         Total |  16355 |  16070 |    285 |   4446 |   7721 |  13 | 1258.1 |
       Dungeon |  12627 |  12342 |    285 |   3079 |   6068 |  10 | 1262.7 |
          Lair |   1692 |   1692 |      0 |    190 |   1047 |   2 |  846.0 |
         Sewer |   2035 |   2035 |      0 |   1177 |    605 |   1 | 2035.0 |
               +--------+--------+--------+--------+--------+-----+--------+

Top non-repeatable levels by time:
     D:8: 2185 daAuts
   Sewer: 2035 daAuts
     D:6: 2028 daAuts
     D:5: 1979 daAuts
     D:2: 1275 daAuts
     D:3: 1177 daAuts
     D:7: 1134 daAuts
  Lair:1: 1091 daAuts
     D:1: 932 daAuts
     D:4: 899 daAuts
     D:9: 837 daAuts
  Lair:2: 601 daAuts
    D:10: 177 daAuts
